Map: New Repugnancy LE

Players

hinO

  • Race: Zerg Zerg
  • Spawn Location: 7:00

SKillous - Winner!

  • Race: Protoss Protoss
  • Spawn Location: 1:00

Event: 2019 WCS Spring

VOD

Have the link to the VOD?

Description

Time

  • Played on: May 17, 2019, 7:50 a.m.
  • Length: 5:59

All games in this series

Show
View Real Time Build Order
Export as new Build Order

hinO Zerg 

Build Orders: Hatch First 

Get SALT Encoding   

  12  0:00  Drone  
  13  0:13  Overlord  
  13  0:17  Drone  
  14  0:32  Drone x2  
  16  0:50  Hatchery  
  16  0:53  Drone  
  16  0:56  Drone  
  17  1:00  Drone  
  18  1:09  Extractor  
  17  1:17  Spawning Pool  
  17  1:23  Drone x2  
  19  1:31  Drone  
  20  1:35  Extractor  
  19  1:41  Drone  
  20  1:52  Overlord  
  20  2:01  Drone  
  20  2:05  Queen  
  20  2:07  Zergling x2  
  24  2:12  Zergling x2  
  24  2:14  Queen  
  27  2:18  Drone  
  28  2:23  Drone  
  28  2:26  Drone  
  30  2:34  Metabolic Boost  
  30  2:36  Drone x2  
  32  2:54  Hatchery  
  32  2:57  Drone x2  
  33  3:02  Spore Crawler  
  30  3:07  Spore Crawler  
  30  3:08  Drone x2  
  30  3:19  Drone x4  
  35  3:25  Overlord  
  32  3:36  Drone x4  
  36  3:44  Drone  
  37  3:49  Drone  
  37  3:55  Spore Crawler  
  37  3:56  Drone x4  
  37  4:03  Drone  
  37  4:07  Drone  
  37  4:08  Drone  
  38  4:13  Spore Crawler, Queen  
  40  4:17  Drone x2  
  40  4:18  Drone  
  40  4:22  Overlord  
  42  4:25  Drone  
  42  4:27  Drone  
  42  4:28  Drone  
  42  4:31  Drone x2  
  46  4:35  Drone x2  
  47  4:40  Drone x3  
  47  4:42  Drone  
  49  4:49  Drone  
  49  4:51  Overlord  
  50  4:56  Roach Warren  
  49  5:01  Overlord x2  
  49  5:08  Drone  
  49  5:09  Overlord  
  49  5:11  Drone x4  
  51  5:18  Drone x4  
  57  5:21  Drone x2  
  57  5:28  Drone x3  
  60  5:31  Drone x2  
  60  5:33  Drone x2  
  64  5:37  Overlord  
  64  5:38  Extractor  
  64  5:39  Drone  
  64  5:43  Drone x3  
  64  5:44  Drone  
  64  5:46  Extractor  
  64  5:49  Extractor  
  66  5:55  Evolution Chamber  
Show
View Real Time Build Order
Export as new Build Order

SKillous Protoss - Winner!

Build Orders: 1 Gate Expand, Oracle Opening 

Get SALT Encoding   

  12  0:00  Probe  
  13  0:12  Probe  
  14  0:19  Pylon  
  14  0:26  Probe  
  15  0:34  Probe  
  15  0:40  Gateway  
  15  0:42  Probe  
  16  0:49  Assimilator  
  17  0:52  Probe  
  18  1:05  Probe  
  19  1:12  Pylon  
  19  1:17  Probe  
  20  1:29  Cybernetics Core  
  20  1:37  Nexus  
  20  1:44  Pylon  
  20  1:47  Probe  
  20  1:52  Assimilator  
  21  1:56  Adept  
  21  1:59  Probe  
  24  2:11  Probe  
  25  2:18  Adept  
  25  2:22  Stargate  
  25  2:23  Probe  
  28  2:35  Probe  
  29  2:48  Probe  
  30  2:53  Adept  
  30  2:57  Oracle  
  32  2:59  Probe  
  32  3:00  Probe  
  32  3:05  Warp Gate  
  34  3:08  Probe  
  34  3:12  Probe  
  37  3:15  Pylon  
  37  3:16  Probe  
  37  3:24  Probe  
  37  3:25  Probe  
  40  3:36  Oracle, Probe  
  40  3:37  Gateway  
  40  3:39  Shield Battery  
  40  3:41  Probe  
  43  3:48  Probe  
  44  3:53  Probe  
  45  3:57  Pylon  
  45  4:00  Probe, Robotics Facility  
  46  4:05  Probe  
  46  4:06  Phoenix  
  47  4:12  Probe  
  47  4:13  Assimilator  
  50  4:22  Gateway x2  
  50  4:36  Probe  
  51  4:41  Warp Prism  
  51  4:44  Assimilator  
  52  4:49  Gateway  
  52  4:50  Gateway  
  52  4:51  Gateway  
  53  4:54  Gateway  
  53  5:02  Sentry x2  
  53  5:03  Pylon  
  57  5:07  Pylon  
  57  5:21  Sentry x2  
  60  5:26  Probe  
  60  5:27  Probe  
  60  5:29  Pylon  
  60  5:30  Pylon  
  60  5:39  Probe  
  60  5:42  Stalker x2  
  65  5:44  Stalker x2  
  65  5:45  Stalker, Zealot x2  
  65  5:49  Zealot  
  77  5:53  Pylon  
Tags
 
Add a new tag
Caveats
  • Supply blocks, unpowered buildings, or Contaminate may cause inaccurate times.
  • Supply counts are checked every 10 seconds.